 Dungeon Crawl Stone Soup version 0.18-a0-1774-gce1f7b6 (webtiles) character file.

1322 M4edhros the Insei (level 8, -2/46 HPs)
             Began as an Octopode Necromancer on Apr 15, 2016.
             Was an Initiate of Cheibriados.
             Slain by a killer bee (9 damage)
             ... on level 7 of the Dungeon.
             The game lasted 00:27:57 (4141 turns).

M4edhros the Insei (Octopode Necromancer)           Turns: 4141, Time: 00:27:58

Health: -2/46      AC:  1    Str:  8    XL:     8   Next: 59%
Magic:  1/11       EV: 12    Int: 18    God:    Cheibriados [......]
Gold:   292        SH:  0    Dex: 16    Spells: 3 memorised, 4 levels left

rFire  . . .     SeeInvis +       - Unarmed
rCold  + . .     Gourm    .     (no shield)
rNeg   . . .     Faith    .     (helmet restricted)
rPois  .         Spirit   .     (no amulet)
rElec  .         Dismiss  .     (no ring)
rCorr  .         Reflect  .     x - ring of protection from cold
SustAt .         Harm     .     (no ring)
MR     .....                    (no ring)
Stlth  +++.......               (no ring)
                                (no ring)
                                (no ring)
                                (no ring)

@: lethally poisoned (-2 -> -8), very slightly contaminated, very slow, not
resistant to hostile enchantments, fairly stealthy
A: almost no armour, amphibious, 8 rings, constrict 8, tentacle spike 1,
camouflage 1, see invisible, slow regeneration 1, gelatinous body 1
a: Bend Time, Renounce Religion


You were on level 7 of the Dungeon.
You worshipped Cheibriados.
Cheibriados was noncommittal.
You were very hungry.

You visited 2 branches of the dungeon, and saw 8 of its levels.
You also visited: Sewer.

You collected 292 gold pieces.

Inventory:

Hand Weapons
 j - a +0 hunting sling
 C - a +2 falchion of electrocution
 L - a +2 flail of protection
Missiles
 d - 163 stones (quivered)
 g - 4 tomahawks
 q - 8 needles of paralysis
 r - 22 sling bullets
 y - 6 javelins
 A - 14 poisoned needles
Armour
 p - a +0 buckler
 t - a +0 large shield
Magical Staves
 F - an uncursed staff of death
Jewellery
 x - a ring of protection from cold (right tentacle)
 E - the ring "Vasomur" {rF++ Stlth-}
   (You found it on level 5 of the Dungeon)

   [ring of loudness]

   It greatly protects you from fire.
   It makes you less stealthy.
Wands
 I - a wand of iceblast (12/15)
Scrolls
 c - 2 scrolls of blinking
 e - a scroll of magic mapping
 h - a scroll of identify
 i - 6 scrolls of fog
 k - 7 scrolls of teleportation
 l - 3 scrolls of enchant weapon
 w - a scroll of fear
Potions
 K - 2 potions of flight
Books
 a - a book of Necromancy

   Spells                             Type                      Level
   a - Pain                           Necromancy                   1
   b - Animate Skeleton               Necromancy                   1
   c - Vampiric Draining              Necromancy                   3
   d - Regeneration                   Charms/Necromancy            3
   e - Animate Dead                   Necromancy                   4
   f - Control Undead                 Necromancy                   4
Comestibles
 b - 4 bread rations
 m - a beef jerky
 n - a meat ration
 v - 12 fruits
 H - 3 chunks of flesh


   Skills:
 - Level 2.0 Dodging
 - Level 2.6 Stealth
 + Level 6.2 Shields
 + Level 7.8 Unarmed Combat
 - Level 2.0 Spellcasting
 - Level 4.0 Necromancy


You had 4 spell levels left.
You knew the following spells:

 Your Spells              Type           Power        Failure   Level  Hunger
a - Pain                  Necr           ###.         3%          1    #......
b - Regeneration          Chrm/Necr      #.........   24%         3    ###....
c - Vampiric Draining     Necr           ###.......   12%         3    ###....


Dungeon Overview and Level Annotations

Branches:
Dungeon (7/15)             Temple (1/1) D:6

Altars:
Ashenzari
Cheibriados
Dithmenos
Elyvilon
Kikubaaqudgha
Makhleb
Nemelex Xobeh
Okawaru
Pakellas
Qazlal
Ru
Trog
Vehumet
Xom
Yredelemnul
The Shining One

Shops:
D:6 (

Annotations:
D:3 namelastname112's ghost, amateur VSAs
D:7 namelastname112's ghost, novice VSAs


Innate Abilities, Weirdness & Mutations

You cannot wear most types of armour.
You are amphibious.
You can wear up to eight rings at the same time.
You can use your tentacles to constrict eight enemies at once.
Your skin changes colour to match your surroundings (Stealth).
Your rubbery body absorbs attacks (AC +1).
One of your tentacles bears a spike.
You have supernaturally acute eyesight.
You regenerate slowly when monsters are visible.


Message History

* * * LOW HITPOINT WARNING * * *
Drink which item? (? for menu, Esc to quit)
You feel better. The killer bee barely misses you.
The killer bee completely misses you.
You miss the killer bee. Your grab misses the killer bee.
You pierce the killer bee, but do no damage.
Your squeeze misses the killer bee.
The killer bee is moderately wounded.
The killer bee stings you!
* * * LOW HITPOINT WARNING * * *
The killer bee stings you.
* * * LOW HITPOINT WARNING * * *
You are lethally poisoned!
The killer bee poisons you!
Drink which item? (? for menu, Esc to quit)
You feel better. The killer bee stings you.
* * * LOW HITPOINT WARNING * * *
You are poisoned.
The killer bee poisons you! The killer bee stings you!
You die...

## ##.....#
...#####..###..# ##
#..(.##y#####..###.
#.y.............
###....#..####....
#.....##.## #....
#...?....# #....
#.y[...### #####
#@###### #### #.#
.... ### ...# ...g
...# .... ####


You could see 3 killer bees.

Vanquished Creatures
  Grinder (D:4)
  An orc warrior (D:7)
  2 centaurs (D:6)
  2 big kobolds (Sewer)
  2 scorpions (D:4)
  2 crimson imps (D:5)
  3 orc priests
  A quasit (D:5)
  A giant frog skeleton (D:6)
  An iguana (D:7)
  3 worker ants
  A hound skeleton (D:4)
  11 adders
  6 gnolls
  A river rat (D:4)
  An ooze (Sewer)
  3 worms
  7 giant geckos
  18 orcs
  4 ball pythons
  3 bats
  8 giant cockroaches
  7 goblins
  7 hobgoblins
  7 jackals (D:7)
  3 quokkas
  3 giant newts (D:3)
  A jackal skeleton (D:7)
  16 kobolds
  A quokka skeleton (D:6)
  15 rats
142 creatures vanquished.

Notes
Turn   | Place    | Note
--------------------------------------------------------------
     0 | D:1      | M4edhros the Octopode Necromancer began the quest for the Orb.
     0 | D:1      | Reached XP level 1. HP: 11/11 MP: 3/3
    23 | D:1      | Reached skill level 1 in Unarmed Combat
    53 | D:1      | Reached XP level 2. HP: 8/17 MP: 1/5
   121 | D:1      | Reached skill level 2 in Unarmed Combat
   368 | D:2      | Reached XP level 3. HP: 4/21 MP: 3/6
   373 | D:2      | Learned a level 3 spell: Regeneration
   741 | D:2      | Reached skill level 3 in Unarmed Combat
   793 | D:2      | Found a faded altar to an unknown god.
   884 | D:3      | Reached XP level 4. HP: 18/27 MP: 0/7
   899 | D:3      | Found a white marble altar of Elyvilon.
  1081 | D:3      | Reached skill level 4 in Unarmed Combat
  1101 | D:3      | Reached XP level 5. HP: 16/31 MP: 1/8
  1196 | D:4      | Reached skill level 1 in Shields
  1376 | D:3      | Noticed namelastname112's ghost (amateur VSAs)
  1486 | D:4      | Reached skill level 5 in Unarmed Combat
  1604 | D:4      | Reached XP level 6. HP: 19/36 MP: 5/9
  1633 | D:4      | Noticed Grinder
  1650 | D:4      | Killed Grinder
  1650 | D:4      | Reached XP level 7. HP: 17/41 MP: 3/10
  1816 | D:4      | Found a glowing drain.
  1847 | Sewer    | Entered a sewer
  1869 | Sewer    | Reached skill level 6 in Unarmed Combat
  2409 | D:5      | Entered Level 5 of the Dungeon
  2636 | D:5      | Found a white marble altar of Elyvilon.
  2652 | D:5      | Found an iron altar of Okawaru.
  2726 | D:5      | Got a fine bronze ring
  2727 | D:5      | Identified the ring "Vasomur" {rF++ Stlth-} (You found it on level 5 of the Dungeon)
  2744 | D:5      | Found an oddly glowing altar of Pakellas.
  2851 | D:5      | Learned a level 3 spell: Vampiric Draining
  3104 | D:5      | Reached skill level 5 in Shields
  3104 | D:5      | Reached XP level 8. HP: 25/46 MP: 2/11
  3231 | D:5      | Reached skill level 7 in Unarmed Combat
  3652 | D:6      | Found Teozyete's Weapon Emporium.
  3710 | D:6      | Found a staircase to the Ecumenical Temple.
  3754 | Temple   | Entered the Ecumenical Temple
  3791 | Temple   | Became a worshipper of Cheibriados the Contemplative
  3812 | Temple   | Gained mutation: One of your tentacles bears a spike. [potion of mutation]
  3812 | Temple   | Gained mutation: You have supernaturally acute eyesight. [potion of mutation]
  3812 | Temple   | Gained mutation: You regenerate slowly when monsters are visible. [potion of mutation]
  3939 | D:7      | Noticed namelastname112's ghost (novice VSAs)
  4016 | D:7      | Found a glowing golden altar of the Shining One.
  4066 | D:7      | HP: 1/46 [orc warrior/war axe (22)]
  4141 | D:7      | Slain by a killer bee

Vault maps used:
D:1:      minmay_arrival_stair_chambers
D:2:      first_bread, ecumenical_altar_1
D:3:      elyvilon_altar_5, st_stairs_3, minivault_14, grunt_decor_one_mirror
D:4:      gup_sewer_entry_bubbles, uniq_grinder
D:5:      kennysheep_mini, basic_altar, okawaru_ov_weapons_minmay
D:6:      minmay_temple_entry_mist, serial_shops, shop
D:7:      nicolae_overflow_hidden_temple, kennysheep_mini_moat,
          lemuel_coloured_pillars_altar, grunt_livestock,
          kennysheep_small_spiral
Temple:   circular_temple_13
Sewer:    sewer_co_15_rooms

Skill      XL: |  1  2  3  4  5  6  7  8 |
---------------+-------------------------+-----
Unarmed Combat | 1 2 3 4 5 6 7 |  7.8
Shields        | 2 3 5 6 |  6.2
Dodging        | |  2.0
Stealth        | |  2.6
Spellcasting   | |  2.0
Necromancy     | |  4.0

Action                   |  1- 3 |  4- 6 |  7- 9 || total
-------------------------+-------+-------+-------++-------
Melee: Unarmed           |    17 |    34 |   139 ||   190
       Constrict         |     6 |    12 |    29 ||    47
       Tentacles         |     5 |    16 |    26 ||    47
       Punch             |     1 |     2 |     6 ||     9
       Dagger            |       |    36 |       ||    36
       Staff             |       |       |     8 ||     8
       Falchion          |       |       |     1 ||     1
       Kick              |       |       |    15 ||    15
Throw: Stone             |       |       |     1 ||     1
 Cast: Pain              |    60 |    29 |    74 ||   163
       Regeneration      |     3 |     7 |    27 ||    37
       Vampiric Draining |       |       |     1 ||     1
Evoke: Wand              |       |       |     2 ||     2
  Use: Potion            |     2 |     3 |     7 ||    12
       Scroll            |       |       |    13 ||    13
 Stab: Sleeping          |     1 |     1 |     3 ||     5
  Eat: Chunk             |       |     5 |    13 ||    18
       Pizza             |       |       |     1 ||     1
Armor: Skin              |     2 |     2 |    12 ||    16
Dodge: Dodged            |     9 |    24 |   107 ||   140
